 Dungeon Crawl Stone Soup version 0.31-a0-175-g9f7f995f2b (webtiles) character file.

Game seed: 13982820896722415216

193 qw the Chopper (level 5, -4/32 HPs)
             Began as a Gargoyle Fighter on June 16, 2023.
             Slain by a worm (7 damage)
             ... on level 3 of the Dungeon.
             The game lasted 00:01:08 (1820 turns).

qw the Chopper (Gargoyle Fighter)                   Turns: 1820, Time: 00:01:09

Health: -4/32      AC: 12    Str: 22    XL:     5   Next: 72%
Magic:  5/5        EV:  9    Int:  8    God:
Gold:   175        SH:  4    Dex:  9    Spells: 4/4 levels left

rFire   . . .        Y - +0 war axe
rCold   . . .        c - +0 buckler
rNeg    + + .        b - +0 scale mail
rPois   inf          (no helmet)
rElec   +            (no cloak)
rCorr   .            f - +0 pair of gloves
SInv    .            (no boots)
Will    .....        (no amulet) Stlth
                     h - ring of positive energy
HPRegen 0.25/turn    (no ring)
MPRegen 0.09/turn

%: no passive effects
@: about to teleport
A: sickness immunity, AC +4, negative energy resistance 1, electricity
resistance, torment resistance 1, petrification resistance
a: no special abilities


You were on level 3 of the Dungeon.
You visited 1 branch of the dungeon, and saw 3 of its levels.

You collected 175 gold pieces.


Innate Abilities, Weirdness & Mutations

You are immune to sickness and miasma.
Your stone body is resilient. (AC +4)
You are immune to poison.
You resist negative energy. (rN+)
You are resistant to electric shocks. (rElec)
You are resistant to unholy torment.
You are immune to petrification.


   Skills:
 + Level 3.5 Fighting
 - Level 5.1 Axes
 - Level 3.2 Armour
 - Level 3.2 Shields


You had 4 spell levels left.
You didn't know any spells.
Your spell library was empty.

Inventory:

Hand Weapons
 a - a +0 mace
 Y - a +0 war axe (weapon)
Armour
 b - a +0 scale mail (worn)
 c - a +0 buckler (worn)
 f - a +0 pair of gloves (worn)
Jewellery
 h - a ring of positive energy (left hand)
Scrolls
 g - a scroll of identify {unknown}
 i - 2 scrolls of teleportation
 j - a scroll of amnesia {unknown}
Potions
 d - a potion of might
 e - a potion of heal wounds {unknown}
 k - a potion of curing {unknown}
 l - a potion of invisibility {unknown}

Dungeon Overview and Level Annotations

Branches:
Dungeon (3/15)

Altars:


Message History

The orc hits you but does no damage.
Your Axes skill increases to level 5!
You barely miss the adder.
The adder is almost dead.
You barely miss the orc wizard. You closely miss the orc.
You block the adder's attack.
The orc wizard hits you but does no damage.
The orc barely misses you.
The orc wizard mumbles some strange words.
The orc wizard flickers and vanishes!
Deactivating autopickup; reactivate with Ctrl-A.
The adder bites you but does no damage.
You slash the adder!
You kill the adder!
You miss the orc wizard. You slash the orc!
You kill the orc!
The orc wizard barely misses you. You block the orc's attack.
You hit the orc wizard.
The orc wizard is lightly wounded.
You barely miss something. You hit the kobold.
Something hits you but does no damage. You block the orc's attack.
The orc wizard hits you with a +0 dagger.
The kobold hits you with a +0 short sword.
The kobold barely misses you.
The orc wizard hits you but does no damage.
Something hits you.
The orc hits you from afar with a +0 trident.
You hit the kobold.
You kill the kobold!
You barely miss something. You slash the orc wizard!
The orc hits you from afar with a +0 trident.
Something hits you but does no damage.
The orc wizard hits you but does no damage.
1820 ||| READING 3 scrolls of teleportation.
As you read the scroll of teleportation, it crumbles to dust.
You feel strangely unstable.
The orc hits you from afar with a +0 trident.
The orc wizard hits you but does no damage.
Something hits you but does no damage. The worm bites you!
You die...

#. #.....
..#####....#
......#....#
.(....#....
........#
....o.#
#ow..#
#####)@).#
........>.#
######.#.##
###.#.#
#...#.#
#.###.#
#.###.#
####.....# .
#........#


You could see a worm, an orc wizard and an orc.

Vanquished Creatures
  Jessica (D:2)
  An orc wizard (D:3)
  9 adders
  A worm (D:2)
  3 orcs (D:3)
  4 ball pythons
  4 bats
  8 endoplasms
  A giant cockroach (D:3)
  3 goblins
  5 hobgoblins
  3 jackals (D:1)
  3 quokkas
  2 frilled lizards (D:2)
  6 kobolds
  5 rats
59 creatures vanquished.

Notes
Turn   | Place    | Note
-------+----------+-------------------------------------------
     0 | D:1      | qw the Gargoyle Fighter began the quest for the Orb.
     0 | D:1      | Reached XP level 1. HP: 14/14 MP: 1/1
     0 | D:1      | 0 ||| qw: Version: 0.2-a-29-g511e9b1
     0 | D:1      | 0 ||| qw: Game counter: 40
     0 | D:1      | 0 ||| qw: Always use a shield: true
     0 | D:1      | 0 ||| qw: God list: Okawaru
     0 | D:1      | 0 ||| qw: Allow faded altars: false
     0 | D:1      | 0 ||| qw: Do Orc after D:15 true
     0 | D:1      | 0 ||| qw: Do second Lair branch before Depths: true
     0 | D:1      | 0 ||| qw: Lair rune preference: random
     0 | D:1      | 0 ||| qw: Plans: Normal, Zot:1-4, Slime:5, God:TSO, Crypt,
                  | Tomb, Abyss, Pan, Hells, Win
     0 | D:1      | 0 ||| PLANNING D:1-11
    33 | D:1      | Reached skill level 2 in Axes
   121 | D:1      | Reached XP level 2. HP: 13/19 MP: 2/2
   248 | D:1      | 248 ||| Stepping ~*~*~tactically~*~*~ (hiding).
   390 | D:1      | 390 ||| Stepping ~*~*~tactically~*~*~ (hiding).
   392 | D:1      | 392 ||| Stepping ~*~*~tactically~*~*~ (hiding).
   539 | D:1      | 539 ||| Stepping ~*~*~tactically~*~*~ (stealth).
   609 | D:1      | 609 ||| Stepping ~*~*~tactically~*~*~ (stealth).
   610 | D:1      | 610 ||| Stepping ~*~*~tactically~*~*~ (stealth).
   611 | D:1      | 611 ||| Stepping ~*~*~tactically~*~*~ (stealth).
   617 | D:1      | Reached skill level 3 in Axes
   698 | D:1      | 698 ||| Stepping ~*~*~tactically~*~*~ (stealth).
   705 | D:1      | Reached XP level 3. HP: 23/23 MP: 3/3
   849 | D:1      | 849 ||| Stepping ~*~*~tactically~*~*~ (stealth).
   976 | D:1      | 976 ||| UPGRADING to +0 pair of gloves.
   981 | D:1      | 981 ||| READING scroll labelled ROVIXA PAUN.
   982 | D:1      | 982 ||| READING 3 scrolls labelled GOAFIT TUYVA.
   985 | D:1      | 985 ||| READING scroll labelled LAHUTE PITAEH HEWK.
  1043 | D:2      | 1043 ||| STAIRDANCE
  1160 | D:2      | Reached XP level 4. HP: 28/28 MP: 4/4
  1164 | D:2      | 1164 ||| Stepping ~*~*~tactically~*~*~ (stealth).
  1165 | D:2      | 1165 ||| Stepping ~*~*~tactically~*~*~ (stealth).
  1178 | D:2      | Reached skill level 4 in Axes
  1200 | D:2      | 1200 ||| Stepping ~*~*~tactically~*~*~ (stealth).
  1201 | D:2      | 1201 ||| Stepping ~*~*~tactically~*~*~ (stealth).
  1223 | D:2      | 1223 ||| Stepping ~*~*~tactically~*~*~ (stealth).
  1403 | D:2      | 1403 ||| DROPPING +0 club.
  1468 | D:2      | Noticed Jessica
  1470 | D:2      | 1470 ||| Stepping ~*~*~tactically~*~*~ (hiding).
  1473 | D:2      | Killed Jessica
  1474 | D:2      | Reached XP level 5. HP: 28/32 MP: 5/5
  1563 | D:2      | 1563 ||| UPGRADING to ring of positive energy.
  1564 | D:2      | 1564 ||| DRINKING 2 metallic brown potions.
  1565 | D:2      | 1565 ||| DROPPING potion of brilliance.
  1590 | D:3      | 1590 ||| DROPPING +0 whip.
  1594 | D:3      | 1594 ||| Stepping ~*~*~tactically~*~*~ (stealth).
  1721 | D:3      | 1721 ||| Stepping ~*~*~tactically~*~*~ (stealth).
  1731 | D:3      | Found a faded altar of an unknown god.
  1816 | D:3      | Reached skill level 5 in Axes
  1819 | D:3      | HP: 6/32 [orc/+0 trident (4)]
  1820 | D:3      | 1820 ||| READING 3 scrolls of teleportation.
  1820 | D:3      | Slain by a worm

Levels and vault maps discovered:
D:1:      minmay_arrival_five_plusses, layout_loops_ring
D:2:      layout_rooms, uniq_jessica
D:3:      layout_basic, general_overflow_altar,
          hellmonk_ecumenical_altar_pennies_from_heaven, hangedman_decor_points

Skill      XL: |  1  2  3  4  5 |
---------------+----------------+-----
Axes           | 2 3 4 5 |  5.1
Fighting       | |  3.5
Armour         | |  3.2
Shields        | |  3.2

Action                     |  1- 3 |  4- 6 || total
---------------------------+-------+-------++-------
  Melee: War axe           |   104 |    83 ||   187
    Use: Scroll            |     3 |     1 ||     4
         Potion            |       |     1 ||     1
 Armour: Scale mail        |    65 |    41 ||   106
  Dodge: Dodged            |    57 |    51 ||   108
  Block: Buckler           |    22 |    25 ||    47

Table legend:
 A = Non-vault XP
 B = Vault XP
 C = Vault XP percentage of total XP
 D = Non-vault monster count
 E = Vault monster count
 F = Vault count percentage of total count
                 A         B        C        D         E       F
            +---------+---------+-------+---------+---------+-------
      Total |     239 |      37 |  13.4 |      58 |       1 |   1.7
            +---------+---------+-------+---------+---------+-------
        D:1 |      55 |       0 |   0.0 |      24 |       0 |   0.0
        D:2 |      79 |      37 |  31.9 |      20 |       1 |   4.8
        D:3 |     105 |       0 |   0.0 |      14 |       0 |   0.0
            +---------+---------+-------+---------+---------+-------
